PCL
MILE HIGH BRONCOS @ ALBUQUERQUE ISOTOPES
09/18/2030
 
TOP OF THE 1ST
Mile High Broncos batting - Pitching for Albuquerque Isotopes : RHP Pedro Alvarado
Pitching: RHP Pedro Alvarado
Batting: SHB Ben Marks 0-0: Foul Ball, location: 2F
0-1: Ball
1-1: Ball
2-1: Swinging Strike
2-2: Strikes out swinging
Batting: SHB Michael Field 0-0: Called Strike
0-1: Ball
1-1: Foul Ball, location: 2F
1-2: Ball
2-2: Strikes out swinging, 2-3 out at first.
Batting: RHB Rodney González 0-0: SINGLE (Groundball, 56D)
Batting: RHB António Martínez 0-0: Ball
1-0: Ball
2-0: Ball
3-0: Called Strike
3-1: Ground out 5-3 (Groundball, 56)
Top of the 1st over - 0 runs, 1 hit, 0 errors, 1 left on base; Mile High 0 - Albuquerque 0
BOTTOM OF THE 1ST
Albuquerque Isotopes batting - Pitching for Mile High Broncos : LHP Francisco Rodríguez
Pitching: LHP Francisco Rodríguez
Batting: LHB Burt Ward 0-0: Ball
1-0: Ball
2-0: Ball
3-0: Base on Balls
Batting: RHB Javier Peña 0-0: Ball
1-0: Swinging Strike
1-1: Ball
2-1: Ball
3-1: Called Strike
3-2: SINGLE (Line Drive, 5D)
Burt Ward to second
Batting: RHB Martín López 0-0: Called Strike
Burt Ward steals 3rd base
Javier Peña to second
0-1: Foul Ball, location: 2F
0-2: Ball
1-2: Foul Ball, location: 2F
1-2: Ball
2-2: Foul Ball, location: 2F
2-2: SINGLE (Flyball, 78S)
Burt Ward scores
Javier Peña to third
Runner from 3rd tries for Home, SAFE, throw made home
Martín López to second
Batting: LHB Denny Poole 0-0: Called Strike
0-1: Ball
1-1: DOUBLE (Groundball, 3L)
Martín López scores
Batting: LHB Fernando Ortíz 0-0: Foul Ball, location: 2F
0-1: SINGLE (Groundball, 34S) (infield hit)
Denny Poole to third
Batting: LHB Tanyu Imai 0-0: Called Strike
0-1: Foul Ball, location: 2F
0-2: Foul Ball, location: 2F
0-2: Strikes out swinging
Batting: RHB Luis Ortega 0-0: Foul Ball, location: 2F
0-1: Ball
1-1: Foul Ball, location: 2F
1-2: Ball
2-2: Foul Ball, location: 2F
2-2: Foul Ball, location: 2F
2-2: Ball
3-2: SINGLE (Groundball, 56D)
Denny Poole scores
Fernando Ortíz to second
Batting: RHB Daniel Martínez 0-0: Ball
1-0: Ball
2-0: Ball
3-0: Called Strike
3-1: Foul Ball, location: 2F
3-2: Strikes out looking
Batting: LHB Wally Harris 0-0: Ball
1-0: Called Strike
1-1: Ground out 4-3 (Groundball, 4)
Bottom of the 1st over - 4 runs, 5 hits, 0 errors, 2 left on base; Mile High 0 - Albuquerque 4
TOP OF THE 2ND
Mile High Broncos batting - Pitching for Albuquerque Isotopes : RHP Pedro Alvarado
Batting: LHB Tony Báez 0-0: Foul Ball, location: 2F
0-1: Ball
1-1: Ball
2-1: Foul Ball, location: 2F
2-2: Strikes out looking
Batting: RHB Evan Robinson 0-0: Ball
1-0: Ball
2-0: Foul Ball, location: 2F
2-1: Foul Ball, location: 2F
2-2: Foul Ball, location: 2F
2-2: Strikes out swinging
Batting: RHB Edward Williams 0-0: SINGLE (Groundball, 6MD)
Batting: RHB Luis Ramos 0-0: Called Strike
0-1: Swinging Strike
0-2: Strikes out looking
Top of the 2nd over - 0 runs, 1 hit, 0 errors, 1 left on base; Mile High 0 - Albuquerque 4
BOTTOM OF THE 2ND
Albuquerque Isotopes batting - Pitching for Mile High Broncos : LHP Francisco Rodríguez
Batting: LHB Burt Ward 0-0: Ball
1-0: Foul Ball, location: 2F
1-1: Ball
2-1: Foul Ball, location: 2F
2-2: Ball
3-2: Fly out, F8 (Flyball, 8RD)
Batting: RHB Javier Peña 0-0: Swinging Strike
0-1: Ball
1-1: Ball
2-1: Foul Ball, location: 2F
2-2: Foul Ball, location: 2F
2-2: Foul Ball, location: 2F
2-2: Ball
3-2: SOLO HOME RUN (Flyball, 7D), Distance : 381 ft
Batting: RHB Martín López 0-0: Ball
1-0: Fly out, F8 (Flyball, 8LM)
Batting: LHB Denny Poole 0-0: Foul Ball, location: 2F
0-1: Ball
1-1: Ball
2-1: Foul Ball, location: 2F
2-2: DOUBLE (Flyball, 89D)
Batting: LHB Fernando Ortíz 0-0: Foul Ball, location: 2F
0-1: Foul Ball, location: 2F
0-2: Strikes out swinging
Bottom of the 2nd over - 1 run, 2 hits, 0 errors, 1 left on base; Mile High 0 - Albuquerque 5
TOP OF THE 3RD
Mile High Broncos batting - Pitching for Albuquerque Isotopes : RHP Pedro Alvarado
Batting: RHB Luis Alvarado 0-0: Called Strike
0-1: Ball
1-1: Ball
2-1: Ground out 6-3 (Groundball, 6)
Batting: SHB Ben Marks 0-0: Ball
1-0: Swinging Strike
1-1: Swinging Strike
1-2: Strikes out swinging
Batting: SHB Michael Field 0-0: Fly out, F9 (Flyball, 9D)
Top of the 3rd over - 0 runs, 0 hits, 0 errors, 0 left on base; Mile High 0 - Albuquerque 5
BOTTOM OF THE 3RD
Albuquerque Isotopes batting - Pitching for Mile High Broncos : LHP Francisco Rodríguez
Batting: LHB Tanyu Imai 0-0: Ball
1-0: Called Strike
1-1: Foul Ball, location: 2F
1-2: Foul Ball, location: 2F
1-2: Foul Ball, location: 2F
1-2: Strikes out swinging
Batting: RHB Luis Ortega 0-0: Ball
1-0: Ball
2-0: Called Strike
2-1: Swinging Strike
2-2: Strikes out looking
Batting: RHB Daniel Martínez 0-0: Ball
1-0: Fly out, F8 (Line Drive, 78S)
Bottom of the 3rd over - 0 runs, 0 hits, 0 errors, 0 left on base; Mile High 0 - Albuquerque 5
TOP OF THE 4TH
Mile High Broncos batting - Pitching for Albuquerque Isotopes : RHP Pedro Alvarado
Batting: RHB Rodney González 0-0: SOLO HOME RUN (Flyball, 78XD), Distance : 412 ft
Batting: RHB António Martínez 0-0: Called Strike
0-1: Called Strike
0-2: Ball
1-2: Strikes out swinging
Batting: LHB Tony Báez 0-0: Ball
1-0: Ball
2-0: Called Strike
2-1: Foul Ball, location: 2F
2-2: Strikes out swinging
Batting: RHB Evan Robinson 0-0: SOLO HOME RUN (Flyball, 9LD), Distance : 377 ft
Batting: RHB Edward Williams 0-0: Ball
1-0: Called Strike
1-1: Foul Ball, location: 2F
1-2: Foul Ball, location: 2F
1-2: Ball
2-2: Ball
3-2: Base on Balls
Batting: RHB Luis Ramos 0-0: Foul Ball, location: 2F
0-1: Foul Ball, location: 2F
0-2: 2-RUN HOME RUN (Flyball, 7D), Distance : 376 ft
Batting: RHB Luis Alvarado 0-0: Foul Ball, location: 2F
0-1: Ball
1-1: Swinging Strike
1-2: Ball
2-2: Strikes out swinging
Top of the 4th over - 4 runs, 3 hits, 0 errors, 0 left on base; Mile High 4 - Albuquerque 5
BOTTOM OF THE 4TH
Albuquerque Isotopes batting - Pitching for Mile High Broncos : LHP Francisco Rodríguez
Batting: LHB Wally Harris 0-0: Ball
1-0: Foul Ball, location: 2F
1-1: Ball
2-1: Ball
3-1: Ground out 6-3 (Groundball, 6)
Batting: LHB Burt Ward 0-0: Ball
1-0: Ball
2-0: Foul Ball, location: 2F
2-1: Called Strike
2-2: SINGLE (Groundball, 56S) (infield hit)
Batting: RHB Javier Peña 0-0: Ball
1-0: Foul Ball, location: 2F
1-1: Called Strike
1-2: Ball
2-2: Ball
3-2: Grounds into double play, 4-6-3 (Groundball, 4D)
Bottom of the 4th over - 0 runs, 1 hit, 0 errors, 0 left on base; Mile High 4 - Albuquerque 5
TOP OF THE 5TH
Mile High Broncos batting - Pitching for Albuquerque Isotopes : RHP Pedro Alvarado
Batting: SHB Ben Marks 0-0: Foul Ball, location: 2F
0-1: Ball
1-1: Called Strike
1-2: Strikes out looking
Batting: SHB Michael Field 0-0: Ball
1-0: Ground out 4-3 (Groundball, 4)
Batting: RHB Rodney González 0-0: Swinging Strike
0-1: Called Strike
0-2: Ball
1-2: Ball
2-2: Strikes out looking
Top of the 5th over - 0 runs, 0 hits, 0 errors, 0 left on base; Mile High 4 - Albuquerque 5
BOTTOM OF THE 5TH
Albuquerque Isotopes batting - Pitching for Mile High Broncos : LHP Francisco Rodríguez
Pitching: LHP Jorge García
Batting: RHB Martín López 0-0: Ball
1-0: SINGLE (Groundball, 6MD)
Batting: LHB Denny Poole 0-0: Ball
1-0: Ball
2-0: Foul Ball, location: 2F
2-1: Foul Ball, location: 2F
2-2: Foul Ball, location: 2F
2-2: Ball
3-2: Reached on error, E4 (Groundball, 34D)
Martín López to second
Batting: LHB Fernando Ortíz 0-0: Ball
1-0: Ball
2-0: Ball
3-0: Called Strike
3-1: Base on Balls
Martín López to third
Denny Poole to second
Batting: LHB Tanyu Imai 0-0: Ball
1-0: Fly out, F8 (Flyball, 8LS)
Runner from 3rd tags up, SCORES, no throw
Batting: RHB Luis Ortega 0-0: Ball
1-0: Grounds into double play, 6-4-3 (Groundball, 6)
Bottom of the 5th over - 1 run, 1 hit, 1 error, 1 left on base; Mile High 4 - Albuquerque 6
TOP OF THE 6TH
Mile High Broncos batting - Pitching for Albuquerque Isotopes : RHP Pedro Alvarado
Batting: RHB António Martínez 0-0: Called Strike
0-1: Ball
1-1: Foul Ball, location: 2F
1-2: Foul Ball, location: 2F
1-2: Ball
2-2: Foul Ball, location: 2F
2-2: Ball
3-2: Foul Ball, location: 2F
3-2: Foul Ball, location: 2F
3-2: Base on Balls
Pitching: RHP António Córdova
Batting: LHB Tony Báez 0-0: SINGLE (Groundball, 6MD)
António Martínez to second
Batting: RHB Evan Robinson 0-0: Swinging Strike
0-1: Fly out, F7 (Line Drive, 7D)
Batting: RHB Edward Williams 0-0: Ball
1-0: Ball
2-0: Called Strike
2-1: Ball
3-1: Foul Ball, location: 2F
3-2: Strikes out swinging
Batting: RHB Luis Ramos 0-0: Called Strike
0-1: Ball
1-1: Foul Ball, location: 2F
1-2: Ball
2-2: Strikes out looking
Top of the 6th over - 0 runs, 1 hit, 0 errors, 2 left on base; Mile High 4 - Albuquerque 6
BOTTOM OF THE 6TH
Albuquerque Isotopes batting - Pitching for Mile High Broncos : LHP Jorge García
Batting: RHB Daniel Martínez 0-0: Ball
1-0: Ball
2-0: SINGLE (Line Drive, 34D)
Batting: LHB Wally Harris 0-0: Ball
1-0: Foul Ball, location: 2F
1-1: Fly out, F6 (Line Drive, 6)
Batting: LHB Burt Ward 0-0: Called Strike
0-1: Swinging Strike
0-2: Foul Ball, location: 2F
0-2: Grounds into double play, 4-6-3 (Groundball, 4)
Bottom of the 6th over - 0 runs, 1 hit, 0 errors, 0 left on base; Mile High 4 - Albuquerque 6
TOP OF THE 7TH
Mile High Broncos batting - Pitching for Albuquerque Isotopes : RHP António Córdova
Batting: RHB Luis Alvarado 0-0: Ball
1-0: Ball
2-0: Ball
3-0: Fly out, F9 (Flyball, 9S)
Batting: SHB Ben Marks 0-0: Ball
1-0: Fly out, F2 (Popup, 5SF)
Batting: SHB Michael Field 0-0: Ball
1-0: Ball
2-0: SINGLE (Line Drive, 89S)
Batting: RHB Rodney González 0-0: Foul Ball, location: 2F
0-1: Foul Ball, location: 2F
0-2: Foul Ball, location: 2F
0-2: SINGLE (Line Drive, 89S)
Michael Field to second
Batting: RHB António Martínez 0-0: Ball
1-0: Foul Ball, location: 2F
1-1: Fly out, F9 (Flyball, 9S)
Top of the 7th over - 0 runs, 2 hits, 0 errors, 2 left on base; Mile High 4 - Albuquerque 6
BOTTOM OF THE 7TH
Albuquerque Isotopes batting - Pitching for Mile High Broncos : LHP Jorge García
Batting: RHB Javier Peña 0-0: Ground out 5-3 (Groundball, 56)
Batting: RHB Martín López 0-0: Foul Ball, location: 2F
0-1: Swinging Strike
0-2: Ball
1-2: Foul Ball, location: 2F
1-2: Ball
2-2: Ground out 2-3 (Groundball, 15S)
Batting: LHB Denny Poole 0-0: Ball
1-0: Foul Ball, location: 2F
1-1: Swinging Strike
1-2: Strikes out swinging
Bottom of the 7th over - 0 runs, 0 hits, 0 errors, 0 left on base; Mile High 4 - Albuquerque 6
TOP OF THE 8TH
Mile High Broncos batting - Pitching for Albuquerque Isotopes : RHP António Córdova
Batting: LHB Tony Báez 0-0: Called Strike
0-1: Ball
1-1: Ball
2-1: Foul Ball, location: 2F
2-2: SINGLE (Line Drive, 6D)
Batting: RHB Evan Robinson 0-0: Foul Ball, location: 2F
0-1: Called Strike
0-2: Ball
1-2: Fly out, F7 (Flyball, 7)
Batting: RHB Edward Williams 0-0: Foul Ball, location: 2F
0-1: Fly out, F8 (Flyball, 8LD)
Batting: RHB Luis Ramos 0-0: Foul Ball, location: 2F
0-1: Ground out U3 (Groundball, 3)
Top of the 8th over - 0 runs, 1 hit, 0 errors, 1 left on base; Mile High 4 - Albuquerque 6
BOTTOM OF THE 8TH
Albuquerque Isotopes batting - Pitching for Mile High Broncos : LHP Jorge García
Batting: LHB Fernando Ortíz 0-0: Called Strike
0-1: Fly out, F5 (Popup, 5SF)
Batting: LHB Tanyu Imai 0-0: Ball
1-0: Foul Ball, location: 2F
1-1: Ball
2-1: Foul Ball, location: 2F
2-2: Ball
3-2: Foul Ball, location: 2F
3-2: Base on Balls
Pitching: LHP Todd Anderson
Batting: RHB Luis Ortega 0-0: Ball
1-0: Foul Ball, location: 2F
1-1: Ball
2-1: Ball
3-1: Base on Balls
Tanyu Imai to second
Batting: RHB Daniel Martínez 0-0: Called Strike
0-1: Called Strike
Throwing error on steal attempt, E2
Tanyu Imai scores
Luis Ortega to third
0-2: Ball
1-2: SINGLE (Flyball, 9)
Luis Ortega scores
Batting: LHB Wally Harris 0-0: Ball
1-0: Ball
2-0: Foul Ball, location: 2F
2-1: Foul Ball, location: 2F
2-2: Strikes out swinging
Batting: LHB Burt Ward 0-0: SINGLE (Groundball, 6D)
Daniel Martínez to second
Batting: RHB Javier Peña 0-0: Called Strike
0-1: Foul Ball, location: 2F
0-2: Ball
1-2: Strikes out swinging
Bottom of the 8th over - 2 runs, 2 hits, 1 error, 2 left on base; Mile High 4 - Albuquerque 8
TOP OF THE 9TH
Mile High Broncos batting - Pitching for Albuquerque Isotopes : RHP António Córdova
Pitching: RHP Steve Snyder
Batting: RHB Luis Alvarado 0-0: Called Strike
0-1: Ball
1-1: Foul Ball, location: 2F
1-2: Ball
2-2: Ball
3-2: Foul Ball, location: 2F
3-2: Strikes out swinging
Batting: SHB Ben Marks 0-0: Foul Ball, location: 2F
0-1: Ball
1-1: Called Strike
1-2: Foul Ball, location: 2F
1-2: Ball
2-2: Strikes out swinging
Batting: SHB Michael Field 0-0: Ball
1-0: Ball
2-0: Ball
3-0: Fly out, F6 (Line Drive, 6)
Top of the 9th over - 0 runs, 0 hits, 0 errors, 0 left on base; Mile High 4 - Albuquerque 8
Saturday, April 7th, 2018 - OOTP Baseball 18.8 Build 76